 Dungeon Crawl Stone Soup version 0.31.0-32-g396128a36d (webtiles) character file.

Game seed: 15546468941388278806

57 AdnanSaban the Covered (level 4, 0/28 HPs)
             Began as a Gargoyle Fighter on Apr 16, 2024.
             Killed by nerve-wracking pain
             ... invoked by Grinder
              (5 damage)
             ... on level 2 of the Dungeon on Apr 17, 2024.
             The game lasted 00:02:33 (1831 turns).

AdnanSaban the Covered (Gargoyle Fighter)           Turns: 1831, Time: 00:02:33

Health: 0/28       AC: 10    Str: 22    XL:     4   Next: 0%
Magic:  4/4        EV:  9    Int:  8    God:
Gold:   146        SH:  4    Dex:  9    Spells: 3/3 levels left

rFire   . . .        a - +0 flail
rCold   . . .        c - +0 buckler
rNeg    + . .        b - +0 scale mail
rPois   ∞            (no helmet)
rElec   +            (no cloak)
rCorr   .            (no gloves)
SInv    .            (no boots)
Will    .....        (no amulet) Stlth
                     m - ring of flight
HPRegen 0.24/turn    (no ring)
MPRegen 0.09/turn

%: no passive effects
@: flying
A: sickness immunity, AC +3, negative energy resistance 1, electricity
resistance, torment resistance 1, petrification resistance
a: no special abilities


You were on level 2 of the Dungeon.
You visited 1 branch of the dungeon, and saw 3 of its levels.

You collected 146 gold pieces.

Inventory:

Hand Weapons
 a - a +0 flail (weapon)
Missiles
 r - a curare-tipped dart (quivered)
Armour
 b - a +0 scale mail (worn)
 c - a +0 buckler (worn)
Jewellery
 m - a ring of flight (left hand)
 p - a +5 ring of evasion
Wands
 t - a wand of charming (2)
Scrolls
 e - 2 scrolls of teleportation {unknown}
 f - a scroll of vulnerability {unknown}
 g - a scroll of enchant armour {unknown}
 j - 3 scrolls of identify {unknown}
 l - 2 scrolls of poison {unknown}
 n - a scroll of enchant weapon {unknown}
 o - a scroll of fog {unknown}
Potions
 d - 3 potions of might
 h - a potion of enlightenment {unknown}
 i - 2 potions of curing {unknown}
 k - a potion of haste {unknown}
 s - a potion of lignification {unknown}


   Skills:
 + Level 3.5 Fighting
 + Level 2.6 Maces & Flails
 + Level 3.9 Armour
 + Level 0.4 Dodging
 + Level 0.2 Stealth
 + Level 3.8 Shields


You had 3 spell levels left.
You didn't know any spells.
Your spell library was empty.

Dungeon Overview and Level Annotations

Branches:
Dungeon (3/15)

Altars:
Xom

Annotations:
D:2 Grinder


Innate Abilities, Weirdness & Mutations

You are immune to sickness and miasma.
Your stone body is resilient. (AC +3)
You are immune to poison.
You resist negative energy. (rN+)
You are resistant to electric shocks. (rElec)
You are resistant to unholy torment.
You are immune to petrification.


Message History

Grinder is almost dead.
Grinder gestures at you. You resist with significant effort.
You barely miss Grinder.
Grinder is almost dead.
Grinder hits you but does no damage. x2
You hit Grinder.
Grinder is almost dead.
Grinder blinks!
Throw: 4 darts (curare)
Press: ? - help, Q - select action, (/) - cycle Shift-Dir - straight line, f/p - Grinder
Aim: Grinder (almost dead, 45% to hit)
You throw a curare-tipped dart. The curare-tipped dart hits Grinder.
Grinder is almost dead.
Grinder gestures at you.
You barely resist.
Throw: 3 darts (curare)
Press: ? - help, Q - select action, (/) - cycle Shift-Dir - straight line, f/p - Grinder
Aim: Grinder (almost dead, 45% to hit)
You throw a curare-tipped dart.
The curare-tipped dart barely misses Grinder.
Unknown command.
Throw: 2 darts (curare)
Press: ? - help, Q - select action, (/) - cycle Shift-Dir - straight line, f/p - Grinder
Aim: Grinder (almost dead, 45% to hit)
You throw a curare-tipped dart.
The curare-tipped dart closely misses Grinder.
You barely miss Grinder.
Grinder is almost dead.
Grinder hits you but does no damage.
You completely miss Grinder.
Grinder is almost dead.
Grinder gestures at you. You resist with significant effort.
Grinder hits you but does no damage.
You hit Grinder but do no damage.
Grinder is almost dead.
Grinder gestures at you. Pain shoots through your body!
You die...
Grinder sighs, "Dead already?
I want a refund."

##################
...†.......(.(...#
.###.###########@#
.# #.## #5# .#
#..##########.# .#
##..........#(# .#
#.###..###.#.# .#
#............#
.####............#
...##..........#(#
##..#.###........##


You could see Grinder.

Vanquished Creatures
  An adder (D:2)
  A dart slug (D:1)
  An orc (D:3)
  A bat (D:1)
  7 endoplasms
  A giant cockroach (D:1)
  3 hobgoblins (D:1)
  2 jackals (D:2)
  3 kobolds (D:2)
  3 quokkas
  5 ball pythons
  14 frilled lizards
  A goblin (D:2)
  2 rats
45 creatures vanquished.

Notes
Turn   | Place    | Note
-------+----------+-------------------------------------------
     0 | D:1      | AdnanSaban the Gargoyle Fighter began the quest for the
                  | Orb.
     0 | D:1      | Reached XP level 1. HP: 14/14 MP: 1/1
   172 | D:1      | Reached XP level 2. HP: 12/19 MP: 2/2
   359 | D:1      | You fall into a shaft and drop 1 floor!
   799 | D:1      | Reached XP level 3. HP: 18/23 MP: 3/3
  1316 | D:2      | Found a faded altar of an unknown god.
  1691 | D:3      | Found a shimmering altar of Xom.
  1780 | D:3      | Reached XP level 4. HP: 27/28 MP: 4/4
  1783 | D:3      | Noticed Grinder
  1818 | D:2      | HP: 1/28 [Grinder (3)]
  1831 | D:2      | Killed from afar by Grinder

Illustrated notes

Levels and vault maps discovered:
D:1:      psy_arrival_fountain, layout_basic, hex_medium,
          minmay_misc_feat_doors, chequers_serial_rivers_micro_b,
          amethyst_killhole, minmay_lizard_pond
D:2:      wad_lake_hut, layout_loops_ring, hellmonk_ecumenical_altar_lost_god,
          grunt_ministairs_2
D:3:      layout_loops_ring, xom_butterflies, lightli_temple_of_fire,
          st_stairs_14, minmay_statues_item, uniq_grinder, uniq_ijyb,
          uniq_jessica

Action                     |  1- 3 |  4- 6 || total
---------------------------+-------+-------++-------
  Melee: Flail             |   153 |    17 ||   170
  Throw: Dart              |       |     6 ||     6
 Armour: Scale mail        |   111 |    12 ||   123
  Dodge: Dodged            |    70 |     3 ||    73
  Block: Buckler           |    37 |     4 ||    41
